 Dungeon Crawl Stone Soup version 0.21-a0-278-ga722497 (webtiles) character file.

126550 namelastname112 the Unseen (level 16, -9/91 HPs)
             Began as a Felid Chaos Knight on Sept 12, 2017.
             Mangled by a deep troll (12 damage)
             ... led by an ironheart preserver
             ... on level 1 of the Vaults on Sept 20, 2017.
             The game lasted 01:49:10 (48693 turns).

namelastname112 the Unseen (Felid Chaos Knight)    Turns: 48693, Time: 01:49:11

Health: -9/91      AC: 18    Str:  8    XL:     16   Next: 14%
Magic:  25/36      EV: 34    Int: 15    God:    Xom [.*....]
Gold:   2479       SH:  0    Dex: 21    Spells: 3/39 levels left
                                        Lives:  0   Deaths: 4

rFire    + . .     SeeInvis +     - Unarmed
rCold    . . .     Gourm    .   (shield unavailable)
rNeg     + + .     Faith    .   (armour unavailable)
rPois    ∞         Spirit   .   (helmet unavailable)
rElec    +         Reflect  .   (cloak unavailable)
rCorr    .         Harm     .   (gloves unavailable)
MR       +++++                  (boots unavailable)
Stlth    +++++++...             V - amulet of Balance {RegenMP rElec rF- Slay+5 SInv}
HPRegen  0.00/turn              E - ring of Ipnu Nachua {rF+ rN+ EV+1}
MPRegen  0.50/turn              r - ring of Pantheism {Wiz MR+++}

@: statue-form, corroded, very slightly contaminated, invisible, very slow
A: no armour, no weapons or thrown items, stealth, claws 1, fangs 3, see
invisible, carnivore 3, fire resistance 1, frail 1, high mp 1, inhibited
regeneration, slow metabolism 1, wild magic 1, sharp paws
}: 1/15 runes: barnacled
a: End Transformation, Renounce Religion


You were on level 1 of the Vaults.
You worshipped Xom.
You were a plaything of Xom.
You were very full.
You were a stone statue.
You visited 7 branches of the dungeon, and saw 33 of its levels.
You visited 1 bazaar.
You also visited: Sewer and Ice Cave.

You collected 3759 gold pieces.
You spent 1280 gold pieces at shops.

Inventory:

Jewellery
 c - the ring "Xiloong" {Int+3 Slay+3}
   (You took it off a merfolk javelineer on level 4 of the Shoals)

   [ring of slaying]

   It affects your intelligence (+3).
   It affects your accuracy and damage with ranged weapons and melee attacks
   (+3).
 r - the ring of Pantheism (right paw) {Wiz MR+++}
   (You took it off a kobold on level 8 of the Dungeon)

   [ring of wizardry]

   It improves your spell success rate.
   It affects your resistance to hostile enchantments.
 s - the ring "Cemepn" {*Tele rF++ rC+ Str-3}
   (You took it off a deep elf high priest on level 3 of the Elven Halls)

   [ring of teleportation]

   It may teleport you next to monsters.
   It affects your strength (-3).
   It greatly protects you from fire.
   It protects you from cold.
 t - an uncursed ring of ice
 E - the ring of Ipnu Nachua (left paw) {rF+ rN+ EV+1}
   (You found it on level 4 of the Shoals)

   [ring of evasion]

   It affects your evasion (+1).
   It protects you from fire.
   It protects you from negative energy.
 V - the amulet of Balance (around neck) {RegenMP rElec rF- Slay+5 SInv}
   (You found it on level 1 of the Shoals)

   [amulet of magic regeneration]

   It increases your magic regeneration.
   It affects your accuracy and damage with ranged weapons and melee attacks
   (+5).
   It makes you vulnerable to fire.
   It insulates you from electricity.
   It lets you see invisible.
 Z - the ring of Phasing {EV+8}
   (You took it off a deep elf sorcerer on level 3 of the Elven Halls)

   [ring of evasion]

   It affects your evasion (+8).
Wands
 i - a wand of confusion (46/48)
 q - a wand of polymorph (14/24)
 u - a wand of scattershot (4/9)
 x - a wand of digging (9/24)
 B - a wand of paralysis (8/24)
 C - a wand of disintegration (9/24)
 D - a wand of random effects (33/48)
 F - a wand of enslavement (9/24)
 H - a wand of flame (36/48)
 I - a wand of polymorph (13/24)
 L - a wand of polymorph (14/24)
Scrolls
 b - 5 scrolls of fear
 h - 20 scrolls of remove curse
 k - 5 scrolls of amnesia
 n - 9 scrolls of fog
 p - 11 scrolls of blinking
 w - 6 scrolls of identify
 y - 4 scrolls of teleportation
 G - 4 scrolls of enchant armour
 K - 4 scrolls of magic mapping
 P - a scroll of recharging
 R - 3 scrolls of holy word
 S - a scroll of summoning
Potions
 d - 2 potions of flight
 e - a potion of ambrosia
 f - 2 potions of magic
 g - 2 potions of curing
 j - 7 potions of might
 l - a potion of heal wounds
 m - 3 potions of haste
 o - 2 potions of brilliance
 v - 7 potions of agility
 z - 3 potions of cancellation
 J - a potion of resistance
Books
 M - a book of Burglary

   Spells                             Type                      Level
   a - Swiftness                      Charms/Air                   2
   b - Passwall                       Transmutation/Earth          2
   c - Passage of Golubria            Translocation                4
   d - Lee's Rapid Deconstruction     Earth                        5
   e - Darkness                       Hexes                        6
   f - Invisibility                   Hexes                        6
 N - a book of the Dragon

   Spells                             Type                      Level
   a - Flame Tongue                   Conjuration/Fire             1
   b - Cause Fear                     Hexes                        4
   c - Bolt of Fire                   Conjuration/Fire             6
   d - Dragon Form                    Transmutation                7
   e - Dragon's Call                  Summoning                    9
 O - a book of the Earth

   Spells                             Type                      Level
   a - Leda's Liquefaction            Hexes/Earth                  4
   b - Bolt of Magma                  Conjuration/Fire/Earth       5
   c - Statue Form                    Transmutation/Earth          6
   d - Iron Shot                      Conjuration/Earth            6
   e - Shatter                        Earth                        9
 U - a Fen Folio

   Spells                             Type                      Level
   a - Corpse Rot                     Necromancy                   2
   b - Stone Arrow                    Conjuration/Earth            3
   c - Leda's Liquefaction            Hexes/Earth                  4
   d - Summon Forest                  Summoning/Translocation      5
   e - Hydra Form                     Transmutation                6
   f - Summon Hydra                   Summoning                    7
Miscellaneous
 Q - a sack of spiders
Comestibles
 a - 10 meat rations
 A - 21 royal jellies


   Skills:
 + Level 13.1 Fighting
 + Level 15.7 Dodging
 + Level 17.4 Stealth
 * Level 15.1 Unarmed Combat
 + Level 12.2 Spellcasting
 - Level 14.7 Hexes
 + Level 4.3 Translocations
 - Level 15.0 Transmutations
 - Level 5.0 Earth Magic
 + Level 4.0 Evocations


You had 3 spell levels left.
You knew the following spells:

 Your Spells              Type           Power        Failure   Level  Hunger
a - Statue Form           Tmut/Erth      ######...    11%         6    ######.
b - Blink                 Tloc           N/A          1%          2    None
c - Dazzling Spray        Conj/Hex       #####.       1%          3    None
d - Tukima's Dance        Hex            ######..     1%          3    None
e - Passage of Golubria   Tloc           N/A          8%          4    ###....
f - Invisibility          Hex            ######..     1%          6    ######.
s - Dragon Form           Tmut           ######....   9%          7    #######
x - Confuse               Hex            ######..     1%          3    None
z - Ensorcelled Hibernat  Hex/Ice        #####.       1%          2    None


Dungeon Overview and Level Annotations

Branches:
Dungeon (15/15)            Temple (0/1) D:6            Lair (6/6) D:9
 Shoals (4/4) Lair:4       Spider (2/4) Lair:3        Slime (0/5) Lair:5
    Orc (2/2) D:10            Elf (3/3) Orc:2        Vaults (1/5) D:13
 Depths: D:15

Altars:
Cheibriados
Dithmenos
Elyvilon
Gozag
Hepliaklqana
Kikubaaqudgha
Nemelex Xobeh
Okawaru
Qazlal
Wu Jian
Xom
Jiyva

Shops:
D:8 [:   D:9 =   Orc:1 =   Orc:2 ([(*=

Annotations:
D:12 exclusions: 3 fire elementals, hell hound and 1 more exclusion, Azrael
Elf:2 5 runed doors


Innate Abilities, Weirdness & Mutations

You cannot wear armour.
You are incapable of wielding weapons or throwing items.
Your paws allow you to move quietly. (Stealth)
You have sharp claws.
You have razor-sharp teeth.
You have supernaturally acute eyesight. (SInv)
You are carnivorous and can eat meat at any time.
((You cover ground quickly.))
((Your thick and shaggy fur keeps you warm. (AC +3, rC+)))
You have a slow metabolism.
Your sharp claws are effective at attacking unaware monsters.
((You are partially covered in molten scales. (AC +2)))
((You are partially covered in thin metallic scales. (AC +2)))
((You are partially covered in yellow scales. (AC +2)))
Your flesh is heat resistant. (rF+)
You are frail. (-10% HP)
You have an increased reservoir of magic. (+10% MP)
You do not regenerate when monsters are visible.
Your spells are a little harder to cast, but a little more powerful.


Message History

The blast of rock fragments hits the orc warrior.
The orc warrior dies!
The blast of rock fragments hits your shadow imp.
Your shadow imp dies!
The blast of rock fragments hits the acid dragon.
The deep troll completely misses you. The deep troll misses you.
The deep troll closely misses you.
The acid dragon roars!
You hear a shout! x3; You hear two shouts!
You hear a shout!
You take 50 damage, and have 3/91 hp.
MASSIVE DAMAGE!!
You now have 25/36 mp.
You catch the helpless acid dragon completely off-guard!
You eviscerate the acid dragon!!!!
You kill the acid dragon!
Xom's power touches on a nearby monster.
The vault sentinel evaporates and reforms as an eye of draining!
The deep troll completely misses you.
The deep troll claws you but does no damage.
The deep troll claws you!
You die...
Xom howls with laughter!

.. .... ..# ##'#
....########..##### #..(
..............##..###...
..OT..........##...###..
...T.p........###...###.
#..............# ##...##(
#......T§§.....#####...#)
#......§8§.....#..###.#))
#......)§§.....#...###)∩.
+......?.......#.......[)
#...>.....######'########
#.........# ##.##
#...G.....# #...#
..........# ###.###
..........####.....# #
..........##.#)#(#.#.##


You could see an ironheart preserver, a deep troll, 2 deep troll earth magi, an
eye of draining and an ogre.

Vanquished Creatures
  The ghost of Thaneod the Conqueror, a veteran MiBe of Trog (Elf:3)
  2 deep elf blademasters (Elf:3)
  An Ice Fiend (IceCv)
  2 deep elf master archers (Elf:3)
  Ilsuiw (Shoals:4)
  2 frost giants
  A vault warden (Vaults:1)
  3 deep elf sorcerers (Elf:3)
  4 deep elf elementalists
  An emperor scorpion (Spider:1)
  An orc warlord (Orc:2)
  An ironheart preserver (Vaults:1)
  3 entropy weavers
  A stone giant (Vaults:1)
  5 deep elf demonologists
  2 dire elephants (Lair:6)
  7 deep elf annihilators
  3 merfolk javelineers (Shoals:4)
  2 deep elf death magi (Elf:3)
  7 deep elf high priests
  A fire dragon (D:14)
  Fannar (Orc:1)
  10 merfolk impalers
  An ogre mage (Vaults:1)
  Erolcha (D:12)
  A vault guard (D:13)
  5 hydras
  2 merfolk avatars
  7 merfolk aquamancers
  7 centaur warriors
  The ghost of zero the Geomancer, a journeyman GrEE of Vehumet (IceCv)
  A death knight (D:15)
  2 satyrs
  An anaconda (Lair:6)
  An alligator snapping turtle (Shoals:4)
  12 two-headed ogres
  15 dancing weapons
  A queen ant (Lair:5)
  2 tengu warriors
  3 death yaks (Lair:6)
  3 orc high priests (Orc:2)
  16 deep elf knights
  Sonja (Lair:4)
  3 skeletal warriors (D:15)
  A fire crab (shapeshifter) (D:14)
  A fire crab (Lair:5)
  4 unseen horrors
  A glowing orange brain (D:8)
  19 deep elf archers
  A wizard (D:13)
  13 sea snakes
  3 harpies (Shoals:3)
  2 orc knights
  An orb spider (Spider:1)
  An ironbrand convoker (Vaults:1)
  10 orc sorcerers
  51 deep elf magi
  19 manticores
  A wolf spider (Spider:1)
  3 cyclopes
  11 fauns
  7 ugly things
  A salamander (shapeshifter) (Elf:3)
  9 merfolk sirens
  3 elephants (Lair:6)
  7 water nymphs
  4 black mambas
  2 vault sentinels (Vaults:1)
  4 ice statues (IceCv)
  2 spiny frogs
  A gargoyle (D:15)
  2 rime drakes
  4 yaktaurs (Vaults:1)
  3 freezing wraiths (Elf:3)
  6 ice devils (IceCv)
  5 komodo dragons
  2 tengu conjurers (D:14)
  4 jumping spiders (Spider:1)
  7 trolls
  2 demonic crawlers (Spider:1)
  A queen bee (D:9)
  A red devil (IceCv)
  23 merfolk
  4 wind drakes
  3 polar bears
  13 blink frogs
  A harpy skeleton (D:14)
  A hornet (D:15)
  Grinder (D:6)
  A meliai zombie (D:13)
  8 snapping turtles
  10 hippogriffs
  2 slime creatures
  An air elemental (Elf:1)
  22 redbacks (Spider:1)
  A spriggan (shapeshifter) (Elf:1)
  A tarantella (shapeshifter) (D:15)
  3 shadows (D:14)
  9 water elementals
  11 tarantellas
  3 vampires
  16 humans
  46 yaks
  2 fire elementals (Elf:3)
  2 wyverns
  3 basilisks
  4 hungry ghosts
  2 vampire mosquitoes (D:13)
  6 wargs
  Menkaure (D:7)
  27 soldier ants
  4 acid dragons
  15 water moccasins
  5 porcupines
  4 sky beasts
  24 orc warriors
  3 ice beasts
  A phantom (D:7)
  3 black bears
  A necrophage (D:11)
  A boggart (D:9)
  3 wolves (Lair:4)
  15 centaurs
  10 ogres
  6 crocodiles
  8 big kobolds
  The ghost of anet the Conjurer, an amateur DEWz (Sewer)
  31 bullfrogs
  A bullfrog (shapeshifter) (D:15)
  4 earth elementals
  A wyvern skeleton (D:11)
  6 scorpions
  24 killer bees
  17 wights
  A spriggan skeleton (D:11)
  A howler monkey (D:5)
  4 electric eels
  10 crimson imps
  A bullfrog zombie (D:6)
  6 centaur zombies
  2 quasits
  11 hounds
  2 jellies
  20 orc wizards
  14 orc priests
  Ijyb (D:4)
  3 bullfrog skeletons
  6 centaur skeletons
  38 worker ants
  3 iguanas
  A hound skeleton (D:8)
  A gnoll (D:6)
  2 worker ant zombies
  19 adders
  A howler monkey skeleton (D:4)
  2 river rats (Sewer)
  A shadow imp (D:14)
  5 oozes (Sewer)
  3 adder skeletons
  An adder zombie (D:12)
  6 worms
  4 dart slugs
  5 leopard geckos
  48 orcs
  5 giant cockroaches
  10 goblins
  10 hobgoblins
  12 jackals
  26 kobolds
  5 quokkas
  3 ball pythons
  4 bats
  6 frilled lizards
  A leopard gecko skeleton (D:3)
  A leopard gecko zombie (D:6)
  A quokka skeleton (D:7)
  8 rats
  A fungus (Lair:6)
  6 plants
1103 creatures vanquished.

Vanquished Creatures (collateral kills)
  A centaur warrior (D:13)
  A satyr (Shoals:4)
  A sea snake (Shoals:1)
  A wizard (D:13)
  2 necromancers (D:13)
  An ugly thing (D:13)
  A deep elf mage (Elf:2)
  A centaur zombie (D:14)
  A snapping turtle (Shoals:1)
  5 humans (D:13)
  2 orc warriors (D:11)
  An ice beast (D:8)
  2 wights
  A hound (D:8)
  An orc wizard (D:11)
  A river rat (D:3)
  2 worms (D:3)
  2 orcs
  A hobgoblin (D:3)
  A kobold (D:8)
  A rat (D:3)
30 creatures vanquished.

Vanquished Creatures (others)
  A fire giant (D:15)
  A death yak (Lair:6)
  A deep elf knight (Elf:1)
  A deep elf archer (Elf:2)
  8 deep elf magi
  A moth of wrath (Spider:1)
  An ice devil (IceCv)
  A merfolk (Shoals:4)
  A blink frog (Lair:1)
  11 dancing weapons
  An air elemental (Elf:1)
  An orc warrior (Vaults:1)
  An orc wizard (D:11)
  An adder (D:2)
  6 orcs
  5 kobolds
  13 fungi
  15 plants
  8 tentacles
78 creatures vanquished.

Grand Total: 1211 creatures vanquished

Notes
Turn   | Place    | Note
-------+----------+-------------------------------------------
     0 | D:1      | namelastname112 the Felid Chaos Knight began the quest for the Orb.
     0 | D:1      | Reached XP level 1. HP: 10/10 MP: 2/2
   169 | D:1      | Reached skill level 1 in Stealth
   169 | D:1      | Reached XP level 2. HP: 7/14 MP: 3/3
   813 | D:1      | XOM: smoke on damage
   850 | D:1      | XOM: divination: magic mapping
   943 | D:1      | XOM: 4-stop teleportation journey
   969 | D:1      | XOM: give mutations
   969 | D:1      | Gained mutation: You evolve. [Xom's grace]
   969 | D:1      | Gained mutation: Your spells are a little harder to cast, but a little more powerful. [Xom's grace]
   969 | D:1      | Gained mutation: You possess an exceptional clarity of mind. [Xom's grace]
   969 | D:1      | Gained mutation: You are agile. (Dex +2) [Xom's grace]
  1017 | D:1      | XOM: scenery: create altars
  1134 | D:1      | XOM: 3-stop teleportation journey
  1174 | D:1      | Gained mutation: You have a somewhat thin skeletal structure. (Dex +2, Stealth) [evolution]
  1183 | D:1      | XOM: 4-stop teleportation journey
  1279 | D:1      | Reached XP level 3. HP: 15/17 MP: 4/4
  1405 | D:2      | XOM: cloud trail
  1474 | D:2      | XOM: divine lightning
  1640 | D:2      | XOM: 1-stop teleportation journey
  1658 | D:2      | XOM: give mutations
  1658 | D:2      | Gained mutation: You are partially covered in molten scales. (AC +2) [Xom's grace]
  1658 | D:2      | Gained mutation: You are partially covered in iridescent scales. (AC +2) [Xom's grace]
  1658 | D:2      | Gained mutation: Your flesh is heat resistant. (rF+) [Xom's grace]
  2073 | D:2      | XOM: harmless Fire miscast
  2102 | D:3      | Noticed a scorpion
  2130 | D:3      | XOM: destruction
  2131 | D:3      | Killed a scorpion
  2131 | D:3      | Reached skill level 2 in Stealth
  2131 | D:3      | Reached XP level 4. HP: 19/22 MP: 5/5
  2153 | D:3      | Found a glowing drain.
  2157 | D:3      | XOM: cast spell 'Monstrous Menagerie'
  2172 | Sewer    | Entered a sewer
  2239 | Sewer    | Noticed a big kobold
  2266 | Sewer    | Killed a big kobold
  2266 | Sewer    | Reached XP level 5. HP: 17/25 MP: 6/6
  2271 | Sewer    | Lost mutation: You have a somewhat thin skeletal structure. (Dex +2, Stealth) [evolution]
  2369 | Sewer    | Noticed anet's ghost (amateur DEWz)
  2391 | Sewer    | Killed anet's ghost
  2391 | Sewer    | Reached skill level 3 in Stealth
  2653 | Sewer    | XOM: blink monster(s)
  2663 | Sewer    | XOM: 4-stop teleportation journey
  2795 | Sewer    | Gained mutation: You are covered in thick fur. (AC +2) [Felid growth]
  2795 | Sewer    | Reached XP level 6. HP: 26/28 MP: 7/7
  2920 | Sewer    | XOM: summons 5 friendly demons
  2931 | Sewer    | Reached skill level 5 in Dodging
  3040 | Sewer    | XOM: god gift: scroll labeled ILOQAA IHOSSO {god gift}
  3051 | Sewer    | Reached skill level 5 in Unarmed Combat
  3192 | Sewer    | Reached XP level 7. HP: 33/33 MP: 8/8
  3277 | Sewer    | XOM: god gift: 25 arrows
  3492 | D:3      | Reached skill level 4 in Stealth
  3751 | D:3      | Found a sparkling altar of Nemelex Xobeh.
  3751 | D:3      | Found a white marble altar of Elyvilon.
  3992 | D:4      | Found an ornate altar of the Wu Jian Council.
  4049 | D:4      | Noticed Ijyb
  4053 | D:4      | Killed Ijyb
  4129 | D:4      | XOM: butterfly on damage
  4130 | D:4      | XOM: cast spell 'Metabolic Englaciation'
  4145 | D:4      | Reached skill level 5 in Fighting
  4384 | D:4      | Found a snail-covered altar of Cheibriados.
  4472 | D:4      | Reached skill level 5 in Stealth
  4692 | D:5      | Entered Level 5 of the Dungeon
  4699 | D:5      | XOM: harmless Hex miscast
  4908 | D:5      | Reached XP level 8. HP: 37/37 MP: 9/9
  4935 | D:5      | XOM: chaos cloud
  5110 | D:5      | XOM: chaos cloud
  5136 | D:5      | Reached skill level 6 in Stealth
  5321 | D:5      | XOM: harmless Air miscast
  5335 | D:5      | Found a stormy altar of Qazlal.
  5491 | D:5      | XOM: medium Air miscast
  5597 | D:6      | XOM: noise
  5686 | D:6      | Found a staircase to the Ecumenical Temple.
  5773 | D:6      | XOM: harmless Erth miscast
  5775 | D:6      | XOM: 3-stop teleportation journey
  5855 | D:6      | Noticed Grinder
  5862 | D:6      | XOM: enchant monster (bad)
  5884 | D:6      | Killed Grinder
  5911 | D:6      | XOM: chaos upgrade
  5913 | D:6      | XOM: stat loss: -1 Str (7/8)
  5914 | D:6      | XOM: noise
  5937 | D:6      | XOM: polymorph orc -> gnoll
  5951 | D:6      | Reached XP level 9. HP: 24/41 MP: 10/10
  6099 | D:6      | Reached skill level 7 in Stealth
  6639 | D:6      | XOM: give mutations
  6639 | D:6      | Gained mutation: You have an increased reservoir of magic. (+10% MP) [Xom's mischief]
  6639 | D:6      | Lost mutation: You are agile. (Dex +2) [Xom's mischief]
  6639 | D:6      | Gained mutation: You are agile. (Dex +2) [Xom's mischief]
  6639 | D:6      | Lost mutation: You evolve. [Xom's mischief]
  6752 | D:6      | Found a shadowy altar of Dithmenos.
  6822 | D:7      | Noticed a troll
  6827 | D:7      | XOM: blink monster(s)
  6830 | D:7      | XOM: harmless Necr miscast
  6846 | D:7      | Killed a troll
  6849 | D:7      | Reached skill level 8 in Stealth
  6941 | D:7      | Found a sparkling altar of Nemelex Xobeh.
  7007 | D:7      | Reached skill level 1 in Evocations
  7115 | D:7      | Found an ancient bone altar of Kikubaaqudgha.
  7130 | D:7      | XOM: mild Tmut miscast
  7171 | D:7      | XOM: medium Fire miscast
  7176 | D:7      | Learned a level 3 spell: Confuse
  7179 | D:7      | Learned a level 2 spell: Ensorcelled Hibernation
  7372 | D:7      | Noticed Menkaure
  7377 | D:7      | XOM: blink monster(s)
  7380 | D:7      | Killed Menkaure
  7380 | D:7      | Reached skill level 1 in Hexes
  7440 | D:7      | XOM: divination: detect items
  7454 | D:7      | Reached skill level 10 in Hexes
  7454 | D:7      | Reached XP level 10. HP: 35/47 MP: 12/22
  7538 | D:7      | Learned a level 3 spell: Dazzling Spray
  7542 | D:7      | Learned a level 3 spell: Tukima's Dance
  7720 | D:8      | XOM: harmless Conj miscast
  7721 | D:8      | Reached skill level 9 in Stealth
  7733 | D:8      | XOM: smoke on damage
  7811 | D:8      | XOM: mild Necr miscast
  7859 | D:8      | Found Lotev's Antique Armour Shoppe.
  7870 | D:8      | Found an iron altar of Okawaru.
  7882 | D:8      | Noticed a two-headed ogre
  7901 | D:8      | Noticed a glowing orange brain
  7901 | D:8      | a two-headed ogre changed into a glowing orange brain
  7901 | D:8      | XOM: polymorph two-headed ogre -> glowing orange brain
  7909 | D:8      | XOM: mild Conj miscast
  7915 | D:8      | Killed a glowing orange brain
  7915 | D:8      | Reached XP level 11. HP: 40/50 MP: 16/23
  8140 | D:8      | Noticed a two-headed ogre
  8150 | D:8      | Killed a two-headed ogre
  8160 | D:8      | Noticed a two-headed ogre
  8174 | D:8      | Killed a two-headed ogre
  8180 | D:8      | Found Qouroy's Book Shoppe.
  8193 | D:8      | Identified the Volume of Earthen Changing
  8200 | D:8      | Learned a level 4 spell: Ice Form
  8216 | D:8      | XOM: enchant monster (bad)
  8419 | D:8      | XOM: polymorph orc warrior -> human
  8572 | D:8      | XOM: god gift: golden potion {god gift}
  8591 | D:8      | Got a clouded bronze ring
  8670 | D:8      | XOM: polymorph yak -> soldier ant
  8677 | D:8      | XOM: summons 6 friendly demons
  8688 | D:8      | Reached skill level 1 in Transmutations
  8946 | D:8      | Noticed a centaur warrior
  8950 | D:8      | Killed a centaur warrior
  9059 | D:9      | Noticed a two-headed ogre
  9064 | D:9      | Killed a two-headed ogre
  9064 | D:9      | Reached skill level 10 in Stealth
  9305 | D:9      | XOM: polymorph killer bee -> boggart
  9340 | D:9      | XOM: god gift: 46 gold pieces
  9576 | D:9      | Found Qamp's Jewellery Shop.
  9618 | D:9      | XOM: cloud trail
  9659 | D:9      | Found a staircase to the Lair.
  9728 | D:9      | XOM: give mutations
  9728 | D:9      | Gained mutation: You are resistant to hostile enchantments. (MR+) [Xom's grace]
  9728 | D:9      | Gained mutation: Your muscles are strong. (Str +2) [Xom's grace]
  9728 | D:9      | Gained mutation: You are mostly covered in molten scales. (AC +3) [Xom's grace]
 10596 | D:9      | XOM: harmless Tloc miscast
 10648 | D:9      | XOM: polymorph komodo dragon -> polar bear
 10690 | D:10     | Entered Level 10 of the Dungeon
 10691 | D:10     | Identified the ring of Pantheism {Wiz MR+++} (You took it off a kobold on level 8 of the Dungeon)
 10699 | D:10     | Found a hazy altar of Hepliaklqana.
 10712 | D:10     | XOM: god gift: scroll of immolation
 10713 | D:10     | Noticed a two-headed ogre
 10720 | D:10     | Killed a two-headed ogre
 10793 | D:10     | Found a staircase to the Orcish Mines.
 10959 | D:10     | Reached skill level 10 in Dodging
 11323 | D:10     | XOM: summons 2 friendly demons
 11338 | D:10     | Gained mutation: Your thick and shaggy fur keeps you warm. (AC +3, rC+) [Felid growth]
 11338 | D:10     | Reached XP level 12. HP: 45/55 MP: 23/26
 11496 | D:10     | XOM: mild Chrm miscast
 11672 | D:11     | Noticed a centaur warrior
 11825 | D:10     | XOM: divination: magic mapping
 12030 | D:11     | Reached skill level 10 in Unarmed Combat
 12050 | D:11     | Reached skill level 11 in Stealth
 12293 | D:11     | XOM: enchant monster (good)
 12302 | D:11     | XOM: cast spell 'Summon Mana Viper'
 12327 | D:11     | HP: 1/56 [yak (14)]
 12333 | D:11     | XOM: cast spell 'Summon Small Mammal'
 12705 | D:11     | XOM: harmless Conj miscast
 12717 | D:11     | Killed a centaur warrior
 12996 | D:11     | XOM: enchant monster (good)
 13092 | D:11     | XOM: smoke on damage
 13368 | D:11     | XOM: noise
 13568 | D:12     | Noticed Azrael
 13689 | D:12     | XOM: scenery: create altars
 13719 | D:12     | Noticed a centaur warrior
 13739 | D:12     | Killed a centaur warrior
 14011 | D:12     | Noticed Erolcha
 14019 | D:12     | XOM: destruction
 14035 | D:12     | XOM: summons friendly quasit
 14037 | D:12     | Killed Erolcha
 14115 | D:12     | Noticed a two-headed ogre
 14128 | D:12     | XOM: scenery: create altars
 14134 | D:12     | Killed a two-headed ogre
 14250 | D:12     | XOM: summons 6 hostile demons
 14359 | D:12     | XOM: scenery: 1 doors close
 14624 | D:13     | Noticed a centaur warrior
 14627 | D:13     | Killed a centaur warrior
 14627 | D:13     | Reached skill level 12 in Stealth
 14634 | D:13     | Reached skill level 5 in Transmutations
 14773 | D:13     | Noticed a centaur warrior
 14776 | D:13     | Noticed a two-headed ogre
 14779 | D:13     | XOM: potion effect (haste)
 14800 | D:13     | Killed a two-headed ogre
 14801 | D:13     | Killed a centaur warrior
 14837 | D:13     | XOM: god gift: runed longbow {god gift}
 14983 | D:13     | XOM: scenery: create altars
 15079 | D:13     | XOM: summons 4 friendly demons
 15085 | D:13     | Reached XP level 13. HP: 45/60 MP: 28/28
 15156 | D:13     | XOM: enchant monster (bad)
 15211 | D:13     | XOM: destruction
 15290 | D:13     | Found an opulent altar of Gozag.
 15304 | D:13     | XOM: summons 2 friendly demons
 15327 | D:13     | XOM: harmless Chrm miscast
 15335 | D:13     | XOM: fake destruction
 15338 | D:13     | XOM: summons 4 friendly demons
 15356 | D:13     | XOM: god gift: plate armour {god gift}
 15377 | D:13     | XOM: summons 4 friendly demons
 15383 | D:13     | XOM: cast spell 'Call Canine Familiar'
 15461 | D:13     | Found a gate to the Vaults.
 15790 | D:13     | XOM: confuse monster(s)
 15957 | D:14     | Noticed a fire dragon
 15967 | D:14     | Killed a fire dragon
 16046 | D:14     | XOM: silly message
 16151 | D:14     | XOM: destruction
 16258 | D:14     | XOM: summons 4 friendly demons
 16413 | D:14     | You fall through a shaft!
 16413 | D:15     | Entered Level 15 of the Dungeon
 16417 | D:15     | XOM: polymorph hornet -> tengu
 16436 | D:15     | Noticed a fire giant
 16458 | D:15     | Killed a fire giant
 16462 | D:15     | XOM: cleaving
 16468 | D:15     | XOM: summons 2 friendly demons
 16475 | D:15     | XOM: butterfly on damage
 16494 | D:15     | Identified Sif Muna's Incunabulum of Air and Intoxication
 16722 | D:15     | XOM: cleaving
 16803 | D:15     | Noticed a green very ugly thing
 16804 | D:15     | Noticed a golden dragon
 16804 | D:15     | a green very ugly thing changed into a golden dragon
 16804 | D:15     | XOM: polymorph green very ugly thing -> golden dragon
 16806 | D:15     | Found an ornate altar of the Wu Jian Council.
 16821 | D:15     | Killed from afar by a golden dragon
 16822 | D:15     | Reached XP level 12. HP: -1/58 MP: 28/28
 16844 | D:14     | XOM: summons friendly shadow imp
 16871 | D:14     | Noticed a centaur warrior
 16880 | D:14     | Noticed a centaur warrior
 16895 | D:14     | Reached skill level 13 in Stealth
 16899 | D:14     | Killed a centaur warrior
 16900 | D:14     | XOM: fake destruction
 17229 | Lair:1   | Entered Level 1 of the Lair of Beasts
 17287 | Lair:1   | XOM: harmless Ice miscast
 17403 | Lair:1   | XOM: silly message
 17424 | Lair:1   | XOM: 1-stop teleportation journey
 17488 | Lair:1   | XOM: destruction
 17502 | Lair:1   | XOM: confuse monster(s)
 17818 | Lair:1   | Reached XP level 13. HP: 61/61 MP: 29/29
 18027 | Lair:2   | XOM: blink monster(s)
 18028 | Lair:2   | XOM: fog
 18361 | Lair:2   | XOM: mild Air miscast
 18612 | Lair:2   | XOM: medium Chrm miscast
 18718 | Lair:3   | Found the cursed +13 scythe of Curses {drain, *Curse}
 19018 | Lair:3   | Found a hole to the Spider Nest.
 19269 | Lair:3   | XOM: scenery: 1 doors open
 19302 | Lair:3   | XOM: harmless Necr miscast
 19381 | Lair:3   | XOM: divination: detect items
 19399 | Lair:3   | XOM: god gift: pair of boots {god gift}
 19452 | Lair:4   | Reached skill level 10 in Fighting
 19463 | Lair:4   | Noticed Sonja
 19500 | Lair:4   | Killed Sonja
 19609 | Lair:4   | Found a staircase to the Shoals.
 19633 | Lair:4   | XOM: destruction
 19637 | Lair:4   | XOM: summons friendly quasit
 19640 | Lair:4   | XOM: summons friendly iron imp
 19823 | Lair:4   | XOM: destruction
 20255 | Lair:4   | XOM: confuse monster(s)
 20375 | Lair:4   | XOM: god gift: brightly glowing whip {god gift}
 20382 | Lair:4   | XOM: cast spell 'Necromutation'
 20387 | Lair:4   | XOM: scenery: 2 doors open
 20843 | Lair:5   | Found a staircase to the Slime Pits.
 20844 | Lair:5   | Found a viscous altar of Jiyva.
 21105 | Lair:5   | Noticed an entropy weaver
 21105 | Lair:5   | XOM: blink monster(s)
 21115 | Lair:5   | Noticed an entropy weaver
 21116 | Lair:5   | XOM: summons 2 friendly demons
 21134 | Lair:5   | XOM: confuse monster(s)
 21214 | Lair:5   | an entropy weaver changed into a five-headed hydra
 21214 | Lair:5   | XOM: polymorph entropy weaver -> five-headed hydra
 21215 | Lair:5   | XOM: destruction
 21220 | Lair:5   | XOM: summons 13 friendly demons
 21412 | Lair:4   | XOM: mild Tmut miscast
 21429 | Lair:4   | XOM: harmless Air miscast
 21644 | Lair:5   | XOM: god gift: pair of glowing gloves {god gift}
 21779 | Lair:5   | XOM: summons 2 friendly demons
 21977 | Lair:5   | XOM: scenery: create altars
 21987 | Lair:5   | XOM: cast spell 'Cause Fear'
 22020 | Lair:5   | XOM: swap monsters
 22024 | Lair:5   | XOM: potion effect (heal wounds)
 22040 | Lair:5   | Killed an entropy weaver
 22074 | Lair:5   | XOM: give mutation
 22074 | Lair:5   | Lost mutation: You possess an exceptional clarity of mind. [Xom's mischief]
 22154 | Lair:5   | XOM: medium Erth miscast
 22196 | Lair:5   | XOM: cleaving
 22203 | Lair:5   | Goblin1989: дампани
 22641 | Lair:5   | XOM: god gift: mace {god gift}
 22706 | Lair:5   | XOM: cloud trail
 22709 | Lair:6   | Entered Level 6 of the Lair of Beasts
 22954 | Lair:6   | Reached XP level 14. HP: 37/66 MP: 26/31
 23001 | Lair:6   | Reached skill level 14 in Stealth
 23265 | Lair:6   | XOM: confusion (+ monsters)
 23276 | Lair:6   | XOM: blink monster(s)
 23277 | Lair:6   | XOM: summons friendly crimson imp
 23284 | Lair:6   | XOM: enchant monster (good)
 23304 | Lair:6   | XOM: confuse monster(s)
 23306 | Lair:6   | XOM: 3-stop teleportation journey
 23311 | Lair:6   | XOM: polymorph yak -> eye of draining
 23314 | Lair:6   | XOM: polymorph eye of draining -> black bear
 23326 | Lair:6   | XOM: potion effect (berserk rage)
 23364 | Lair:6   | XOM: cast spell 'Summon Ice Beast'
 23501 | Lair:6   | XOM: polymorph crimson imp -> white imp
 23787 | Lair:6   | Found an iron altar of Okawaru.
 23921 | Lair:6   | XOM: cleaving
 23932 | Lair:6   | Noticed an entropy weaver
 23932 | Lair:6   | a death yak changed into an entropy weaver
 23932 | Lair:6   | XOM: polymorph death yak -> entropy weaver
 23968 | Lair:6   | Killed an entropy weaver
 24083 | Lair:6   | XOM: scenery: create altars
 24085 | Lair:6   | XOM: fog
 24086 | Lair:6   | XOM: divine lightning
 24423 | Lair:6   | XOM: harmless Tloc miscast
 24598 | Lair:6   | XOM: summons 10 friendly demons
 24647 | Lair:6   | XOM: summons 3 friendly demons
 24652 | Lair:6   | XOM: cast spell 'Chain of Chaos'
 24653 | Lair:6   | XOM: enchant monster (good)
 24665 | Lair:6   | XOM: destruction
 24665 | Lair:6   | XOM: butterfly on damage
 24904 | Lair:6   | XOM: butterfly on damage
 25156 | Lair:6   | XOM: summons 2 friendly demons
 25311 | Lair:6   | Learned a level 2 spell: Blink
 25395 | Lair:6   | XOM: polymorph elephant -> faun
 25404 | Lair:6   | XOM: enchant monster (good)
 25770 | D:8      | Bought a book of Burglary for 975 gold pieces
 25777 | D:8      | Learned a level 6 spell: Invisibility
 25845 | Orc:1    | Entered Level 1 of the Orcish Mines
 26070 | Orc:1    | Learned a level 7 spell: Dragon Form
 26256 | Orc:1    | Noticed Fannar
 26262 | Orc:1    | XOM: cast spell 'Statue Form'
 26263 | Orc:1    | Killed Fannar
 26438 | Orc:1    | XOM: give mutations
 26438 | Orc:1    | Gained mutation: You are frail. (-10% HP) [Xom's mischief]
 26438 | Orc:1    | Gained mutation: Your flesh is cold resistant. (rC+) [Xom's mischief]
 26438 | Orc:1    | Lost mutation: You have an increased reservoir of magic. (+10% MP) [Xom's mischief]
 26440 | Orc:1    | Found Reyneet's Jewellery Emporium.
 26506 | Orc:1    | XOM: god gift: 52 gold pieces
 26593 | Orc:2    | Entered Level 2 of the Orcish Mines
 26609 | Orc:2    | XOM: fake destruction
 26772 | Orc:1    | XOM: scenery: create altars
 26811 | Orc:2    | XOM: cleaving
 26829 | Orc:2    | Found Hetsomede's General Store.
 26977 | Orc:2    | XOM: god gift: arbalest {god gift}
 27104 | Orc:2    | XOM: butterfly on damage
 27110 | Orc:2    | XOM: summons 3 friendly demons
 27122 | Orc:2    | XOM: summons friendly red devil
 27174 | Orc:1    | XOM: god gift: royal jelly
 27422 | Orc:1    | XOM: harmless Summ miscast
 27425 | Orc:2    | Reached skill level 10 in Transmutations
 27546 | Orc:2    | Found Irathiag's Jewellery Boutique.
 27553 | Orc:2    | XOM: 2-stop teleportation journey
 27852 | Orc:2    | Found a staircase to the Elven Halls.
 28013 | Orc:2    | XOM: harmless Hex miscast
 28015 | Orc:2    | Noticed an orc warlord
 28015 | Orc:2    | XOM: divination: detect creatures
 28064 | Orc:2    | XOM: medium Necr miscast
 28168 | Orc:2    | Killed an orc warlord
 28208 | Orc:2    | Found Sagol's Antique Armour Emporium.
 28224 | Orc:2    | Found Deilawi's Antique Weapon Shoppe.
 28229 | Orc:2    | XOM: polymorph warg -> soldier ant
 28298 | Orc:2    | XOM: swap monsters
 28592 | Orc:2    | Found Mieckah's Antique Weapon Emporium.
 28888 | Orc:2    | XOM: stat loss: -1 Dex (21/22)
 29399 | D:14     | XOM: chaos upgrade
 29407 | D:14     | XOM: mild Hex miscast
 29415 | D:14     | XOM: harmless Necr miscast
 29416 | D:14     | XOM: harmless Tloc miscast
 29748 | D:14     | XOM: stat loss: -1 Str (9/10)
 29971 | D:14     | XOM: stat loss: -1 Int (13/14)
 30074 | D:14     | XOM: noise
 30500 | D:15     | XOM: confusion
 30501 | D:15     | XOM: divination: detect items
 30506 | D:15     | XOM: blink monster(s)
 30519 | D:15     | Reached XP level 15. HP: 63/63 MP: 29/29
 30521 | D:15     | XOM: polymorph two-headed ogre -> slime creature
 30537 | D:15     | XOM: chaos cloud
 30540 | D:15     | XOM: enchant monster (bad)
 30679 | D:15     | XOM: smoke on damage
 30743 | D:15     | XOM: medium Fire miscast
 31184 | Spider:1 | Entered Level 1 of the Spider Nest
 31215 | Spider:1 | XOM: harmless Tmut miscast
 31219 | Spider:1 | XOM: 1-stop teleportation journey
 31336 | Spider:1 | XOM: cloud trail
 31543 | Spider:1 | XOM: 1-stop teleportation journey
 31567 | Spider:1 | XOM: cast spell 'Dispersal'
 31576 | Spider:1 | XOM: enchant monster (good)
 31610 | Spider:1 | XOM: confuse monster(s)
 31635 | Spider:1 | Gained mutation: You do not regenerate when monsters are visible. [mutagenic glow]
 31869 | Lair:3   | Upgraded the game from 0.21-a0-265-gb353147 to 0.21-a0-270-g8204059
 31877 | Lair:3   | Learned a level 6 spell: Statue Form
 31926 | Spider:1 | XOM: potion effect (invisibility)
 31928 | Spider:1 | XOM: noise
 32184 | D:10     | XOM: harmless Fire miscast
 32237 | Elf:1    | XOM: stealth player
 32237 | Elf:1    | Entered Level 1 of the Elven Halls
 32396 | Elf:1    | XOM: confuse monster(s)
 32410 | Elf:1    | XOM: enchant monster (good)
 32411 | Elf:1    | Reached skill level 1 in Earth Magic
 32413 | Elf:1    | Reached skill level 10 in Spellcasting
 32692 | Elf:1    | XOM: noise
 32702 | Elf:1    | XOM: enchant monster (bad)
 33546 | Elf:1    | Killed from afar by a deep elf annihilator
 33547 | Elf:1    | Reached XP level 14. HP: -24/59 MP: 29/29
 33573 | Elf:1    | XOM: cast spell 'Call Canine Familiar'
 33665 | Elf:1    | XOM: potion effect (invisibility)
 34021 | Elf:1    | XOM: noise
 34063 | Elf:1    | XOM: cast spell 'Olgreb's Toxic Radiance'
 34497 | Elf:1    | Reached XP level 15. HP: 63/63 MP: 30/30
 35010 | Elf:2    | Reached skill level 15 in Stealth
 35012 | Elf:2    | XOM: divination: detect items
 35302 | Elf:2    | XOM: silly message
 35375 | Elf:2    | XOM: cast spell 'Summon Small Mammal'
 35485 | Elf:2    | XOM: 1-stop teleportation journey
 36089 | Elf:2    | Found a huge runed gate.
 36089 | Elf:2    | Found a huge runed gate.
 36089 | Elf:2    | Found a huge runed gate.
 36089 | Elf:2    | Found a huge runed gate.
 36090 | Elf:2    | Found a huge runed gate.
 36387 | Elf:3    | Entered Level 3 of the Elven Halls
 36387 | Elf:3    | Found a flickering gateway to a bazaar.
 36391 | Bazaar   | Entered a bazaar
 36391 | Bazaar   | Found Enueduine's Gadget Emporium.
 36391 | Bazaar   | Found Tunaegg's Book Emporium.
 36392 | Bazaar   | Found Cetz's Magic Scroll Shoppe.
 36392 | Bazaar   | Found Mymuahul's Gadget Shoppe.
 36401 | Bazaar   | Bought a scroll of teleportation for 30 gold pieces
 36401 | Bazaar   | Bought a scroll of blinking for 75 gold pieces
 36401 | Bazaar   | Bought a scroll of blinking for 75 gold pieces
 36401 | Bazaar   | Bought a scroll of teleportation for 30 gold pieces
 36403 | Bazaar   | Bought a scroll of summoning for 95 gold pieces
 36457 | Elf:3    | Found a frozen archway.
 36482 | IceCv    | Entered an ice cave
 36489 | IceCv    | Noticed zero's ghost (journeyman GrEE)
 36502 | IceCv    | XOM: summons friendly crimson imp
 36508 | IceCv    | XOM: fog
 36516 | IceCv    | XOM: polymorph ice devil -> red devil
 36522 | IceCv    | XOM: smoke on damage
 36525 | IceCv    | Killed zero's ghost
 36718 | IceCv    | Identified a scroll of acquirement
 36720 | IceCv    | XOM: summons 2 friendly demons
 36723 | IceCv    | XOM: divination: detect creatures
 36745 | IceCv    | XOM: polymorph iron imp -> quasit
 36869 | IceCv    | Noticed an Ice Fiend
 36878 | IceCv    | Killed an Ice Fiend
 36943 | IceCv    | XOM: harmless Tmut miscast
 36987 | IceCv    | XOM: give mutations
 36987 | IceCv    | Lost mutation: Your flesh is heat resistant. (rF+) [Xom's mischief]
 36987 | IceCv    | Gained mutation: You occasionally shout uncontrollably at your foes. [Xom's mischief]
 36987 | IceCv    | Lost mutation: Your spells are a little harder to cast, but a little more powerful. [Xom's mischief]
 37369 | Lair:2   | XOM: summons 7 hostile demons
 37444 | Shoals:1 | Entered Level 1 of the Shoals
 37540 | Shoals:1 | XOM: give mutations
 37540 | Shoals:1 | Lost mutation: You are frail. (-10% HP) [Xom's mischief]
 37540 | Shoals:1 | Gained mutation: Your spells are a little easier to cast, but a little less powerful. [Xom's mischief]
 37574 | Shoals:1 | XOM: god gift: plate armour {god gift}
 37806 | Shoals:1 | XOM: enchant monster (good)
 37814 | Shoals:1 | XOM: scenery: create altars
 37815 | Shoals:1 | XOM: divination: magic mapping
 37908 | Shoals:1 | XOM: god gift: Fen Folio
 38270 | Shoals:1 | Noticed a kraken
 38301 | Shoals:1 | XOM: enchant monster (good)
 38509 | Shoals:1 | Got a sparkling brass amulet
 38640 | Shoals:1 | XOM: cleaving
 38645 | Shoals:1 | Reached XP level 16. HP: 71/75 MP: 27/31
 38740 | Shoals:2 | XOM: cast spell 'Summon Ice Beast'
 38742 | Shoals:2 | XOM: cast spell 'Summon Mana Viper'
 38982 | Shoals:2 | Reached skill level 15 in Transmutations
 38995 | Shoals:2 | Reached skill level 5 in Earth Magic
 39211 | Shoals:2 | XOM: enchant monster (bad)
 39464 | Shoals:2 | XOM: god gift: 27 stones
 39721 | Shoals:2 | XOM is BORED!
 39721 | Shoals:2 | XOM: give mutation
 39721 | Shoals:2 | Lost mutation: You are partially covered in iridescent scales. (AC +2) [Xom's mischief]
 39729 | Shoals:2 | XOM: chaos upgrade
 40043 | Shoals:2 | XOM: give mutations
 40043 | Shoals:2 | Lost mutation: Your muscles are strong. (Str +2) [Xom's mischief]
 40043 | Shoals:2 | Lost mutation: You are agile. (Dex +2) [Xom's mischief]
 40150 | Shoals:2 | Lost mutation: You are resistant to hostile enchantments. (MR+) [potion of mutation]
 40150 | Shoals:2 | Lost mutation: You are mostly covered in molten scales. (AC +3) [potion of mutation]
 40150 | Shoals:2 | Lost mutation: Your flesh is cold resistant. (rC+) [potion of mutation]
 40150 | Shoals:2 | Lost mutation: You occasionally shout uncontrollably at your foes. [potion of mutation]
 40150 | Shoals:2 | Gained mutation: You are weak. (Str -2) [potion of mutation]
 40150 | Shoals:2 | Lost mutation: You are weak. (Str -2) [potion of mutation]
 40150 | Shoals:2 | Lost mutation: Your spells are a little easier to cast, but a little less powerful. [potion of mutation]
 40150 | Shoals:2 | Gained mutation: Your flesh is heat resistant. (rF+) [potion of mutation]
 40322 | Shoals:3 | Identified the amulet of Balance {RegenMP rElec rF- Slay+5 SInv} (You found it on level 1 of the Shoals)
 40349 | Shoals:3 | XOM: polymorph harpy -> tarantella
 40404 | Shoals:3 | XOM: mild Tmut miscast
 40489 | Shoals:3 | XOM: chaos upgrade
 40936 | Shoals:3 | XOM: medium Air miscast
 40947 | Shoals:3 | XOM: 1-stop teleportation journey
 40948 | Shoals:3 | XOM: fake destruction
 40951 | Shoals:3 | XOM: divination: detect items
 41179 | Shoals:3 | Reached skill level 16 in Stealth
 41207 | Shoals:3 | XOM: 1-stop teleportation journey
 41231 | Shoals:3 | Noticed a kraken
 41261 | Shoals:3 | XOM: 3-stop teleportation journey
 41631 | Shoals:3 | a kraken changed into a frost giant
 41631 | Shoals:3 | XOM: polymorph kraken -> frost giant
 41732 | Shoals:4 | Entered Level 4 of the Shoals
 41857 | Shoals:4 | XOM: cloud trail
 41948 | Shoals:4 | XOM: summons 10 friendly demons
 41978 | Shoals:4 | Got a shimmering lead ring
 41979 | Shoals:4 | Identified the ring of Ipnu Nachua {rF+ rN+ EV+1} (You found it on level 4 of the Shoals)
 41999 | Shoals:4 | XOM: god gift: scroll of random uselessness
 42189 | Shoals:4 | XOM: confusion
 42303 | Shoals:4 | Upgraded the game from 0.21-a0-270-g8204059 to 0.21-a0-278-ga722497
 42310 | Shoals:4 | Noticed Ilsuiw
 42499 | Shoals:4 | XOM: give mutation
 42499 | Shoals:4 | Gained mutation: You have an increased reservoir of magic. (+10% MP) [Xom's mischief]
 42793 | Shoals:4 | XOM: enchant monster (bad)
 42794 | Shoals:4 | XOM: noise
 42795 | Shoals:4 | XOM: enchant monster (bad)
 42830 | Shoals:4 | Killed Ilsuiw
 42953 | Shoals:4 | Learned a level 4 spell: Passage of Golubria
 42985 | Shoals:4 | XOM: mild Necr miscast
 43071 | Shoals:4 | XOM: stat loss: -1 Str (7/8)
 43212 | Shoals:4 | XOM: cleaving
 43446 | Shoals:4 | XOM: cast spell 'Call Canine Familiar'
 43474 | Shoals:4 | XOM: polymorph merfolk javelineer -> entropy weaver
 43475 | Shoals:4 | XOM: stat loss: -1 Str (6/8)
 43695 | Shoals:4 | Got a wavering jade ring
 43696 | Shoals:4 | Identified the ring "Xiloong" {Int+3 Slay+3} (You took it off a merfolk javelineer on level 4 of the Shoals)
 43728 | Shoals:4 | XOM: harmless Air miscast
 43742 | Shoals:4 | XOM: enchant monster (good)
 43762 | Shoals:4 | XOM: enchant monster (bad)
 43766 | Shoals:4 | Reached XP level 17. HP: 44/81 MP: 33/36
 43803 | Shoals:4 | Reached skill level 15 in Dodging
 43845 | Shoals:4 | XOM: mild Erth miscast
 43863 | Shoals:3 | XOM: medium Summ miscast
 44158 | Shoals:4 | Got a barnacled rune of Zot
 44841 | Orc:2    | XOM: summons 4 hostile shadow creatures
 44888 | Orc:2    | XOM: summons 8 hostile demons
 45325 | Elf:3    | Noticed Thaneod's ghost (veteran MiBe)
 45325 | Elf:3    | XOM: enchant monster (bad)
 45330 | Elf:3    | XOM: divination: detect items
 45342 | Elf:3    | Killed Thaneod's ghost
 45566 | Elf:3    | XOM: potion effect (brilliance)
 45883 | Elf:3    | Got a smoking steel ring
 46062 | Elf:3    | XOM: divination: detect items
 46064 | Elf:3    | XOM: confuse monster(s)
 46110 | Elf:3    | Noticed a deep elf blademaster
 46132 | Elf:3    | XOM: cast spell 'Summon Ice Beast'
 46134 | Elf:3    | Reached skill level 17 in Stealth
 46216 | Elf:3    | XOM: enchant monster (good)
 46247 | Elf:3    | Noticed a deep elf master archer
 46252 | Elf:3    | Killed a deep elf master archer
 46273 | Elf:3    | Reached skill level 1 in Translocations
 46362 | Elf:3    | XOM: mild Summ miscast
 46445 | Elf:3    | XOM: give mutations
 46445 | Elf:3    | Gained mutation: Your muscles are strong. (Str +2) [Xom's grace]
 46445 | Elf:3    | Gained mutation: You are partially covered in yellow scales. (AC +2) [Xom's grace]
 46445 | Elf:3    | Gained mutation: You are partially covered in thin metallic scales. (AC +2) [Xom's grace]
 46641 | Elf:3    | Killed a deep elf blademaster
 46751 | Elf:3    | Noticed a deep elf master archer
 46753 | Elf:3    | HP: 2/81 [deep elf master archer/arrow (33)]
 46758 | Elf:3    | XOM: swap monsters
 46760 | Elf:3    | Killed a deep elf master archer
 47027 | Elf:3    | Got a sparkling steel ring
 47044 | Elf:3    | XOM: harmless Tloc miscast
 47189 | Elf:3    | Identified the ring "Patwib" {MP+9 Dex+3 SInv Stlth+} (You took it off a deep elf knight on level 3 of the Elven Halls)
 47193 | Elf:3    | Identified the ring of Equilibrium {Wiz rElec} (You took it off a deep elf high priest on level 3 of the Elven Halls)
 47207 | Elf:3    | XOM: harmless Tloc miscast
 47243 | Elf:3    | Noticed a deep elf master archer
 47247 | Elf:3    | Noticed a deep elf blademaster
 47256 | Elf:3    | Noticed a quicksilver dragon
 47256 | Elf:3    | a deep elf master archer changed into a quicksilver dragon
 47256 | Elf:3    | XOM: polymorph deep elf master archer -> quicksilver dragon
 47260 | Elf:3    | Mangled by a deep elf blademaster
 47261 | Elf:3    | Reached XP level 16. HP: -7/78 MP: 32/36
 47341 | Elf:3    | XOM: give mutations
 47341 | Elf:3    | Lost mutation: Your muscles are strong. (Str +2) [Xom's mischief]
 47341 | Elf:3    | Gained mutation: You are frail. (-10% HP) [Xom's mischief]
 47341 | Elf:3    | Gained mutation: Your spells are a little harder to cast, but a little more powerful. [Xom's mischief]
 47378 | Elf:3    | Killed a deep elf blademaster
 47455 | Elf:3    | XOM: 1-stop teleportation journey
 47583 | Elf:3    | Got a faintly glowing golden ring
 47591 | Elf:3    | Identified the ring "Cemepn" {*Tele rF++ rC+ Str-3} (You took it off a deep elf high priest on level 3 of the Elven Halls)
 47596 | Elf:3    | Noticed an acid blob
 47600 | Elf:3    | XOM: noise
 47980 | Elf:3    | XOM: confusion
 47992 | Elf:3    | Killed from afar by an iron dragon (shapeshifter)
 47993 | Elf:3    | Reached XP level 15. HP: -4/84 MP: 33/35
 48184 | Vaults:1 | Entered Level 1 of the Vaults
 48186 | Vaults:1 | Noticed a vault warden
 48198 | Vaults:1 | Killed a vault warden
 48208 | Vaults:1 | Reached XP level 16. HP: 39/70 MP: 36/36
 48214 | Vaults:1 | Reached skill level 15 in Unarmed Combat
 48423 | Vaults:1 | XOM: scenery: 1 doors open
 48545 | Vaults:1 | XOM: noise
 48691 | Vaults:1 | XOM: summons friendly shadow imp
 48692 | Vaults:1 | HP: 3/91 [deep troll earth mage/Lee's Rapid Deconstruction[an ironheart preserver] (50)]
 48692 | Vaults:1 | XOM: smoke on damage
 48693 | Vaults:1 | XOM: polymorph vault sentinel -> eye of draining
 48693 | Vaults:1 | Mangled by a deep troll

Vault maps used:
D:1:      nicolae_arrival_washed_ashore
D:3:      gammafunk_temple_overflow_statue, cheibrodos_sewer_entry_sluice,
          first_bread, uniq_crazy_yiuf_cottage
D:4:      lemuel_doored_altar, overflow_temple_1_default, uniq_ijyb
D:5:      nicolae_overflow_crystal_walls
D:6:      grunt_dithmenos_smoke, uniq_grinder
D:7:      kennysheep_little_box, basic_altar, uniq_menkaure
D:8:      kennysheep_mini, serial_shops, nicolae_shop_stone, shop_statue
D:9:      david_lair_shrubbed, serial_shops, shop, david_nohive_1
D:10:     orc_0_dummy, basic_altar, minmay_door_square
D:11:     hangedman_tell_no_tales
D:12:     minmay_misc_feat_tiny, uniq_azrael, uniq_erolcha
D:13:     grunt_vaults_entry_tiered, nicolae_gozag_seed_capital
D:14:     serial_bayou_shore_b
D:15:     hangedman_depths_entry_try_elsewhere_first, basic_altar,
          minmay_misc_feat_cross, minmay_checkered_concentric_circles
Lair:1:   serial_bayou_pond_e, grunt_megastairs_2
Lair:3:   nicolae_spider_entry_non_spiders
Lair:4:   minmay_shoals_entry_hut, beast_lair_carwin_10, uniq_sonja
Lair:5:   slime_altar_1, zaba_anthell, infiniplex_staircase_pool
Lair:6:   due_jungle_book, basic_altar
Shoals:2: nicolae_shoals_isolated_beach
Shoals:3: nicolae_shoals_kraken_intersection
Shoals:4: shoals_end_grunt_ice, shoals_ilsuiw_alternative, abandoned_shop
Spider:2: nicolae_looking_at_the_future, uniq_louise, uniq_arachne, uniq_donald,
          uniq_roxanne
Orc:1:    serial_shops, nicolae_shop_behind_doors, nooodl_orcs_dogs, uniq_fannar
Orc:2:    grunt_orc_gardens, grunt_orc_garden, grunt_orc_garden,
          grunt_orc_garden, grunt_orc_garden, serial_shops, shop
Elf:1:    hangedman_elf_represent
Elf:3:    minmay_elf_hall_not_hex, serial_shops, bzr_in_the_mist,
          portal_ice_cave_entry_frozen_things
Vaults:1: nicolae_vaults_three_branches, nicolae_vaults_circle_grid_a,
          grunt_vaults_twisty, st_cross, nicolae_vaults_little_squares_4,
          hangedman_vaults_unwind, hangedman_vaults_slice,
          nicolae_vaults_yaktaur_gun_rack, nicolae_vaults_little_squares_1,
          v_misc_17, v_misc_26, serial_shops, nicolae_shop_crystal
Bazaar:   bazaar_jpeg_oval
Sewer:    sewer_co_tree
IceCv:    ice_cave_tombish

Skill      XL: |  1  2  3  4  5  6  7  8  9 10 11 12 13 14 15 16 17 |
---------------+----------------------------------------------------+-----
Stealth        | 1 2 3 5 6 8 9 10 13 14 15 16 17 | 17.4
Dodging        | 4 5 6 7 8 9 10 11 12 14 15 | 15.7
Unarmed Combat | 4 5 6 8 9 10 11 12 15 | 15.1
Fighting       | 4 5 6 7 8 9 10 11 12 13 | 13.1
Evocations     | 1 4 3 |  4.0
Hexes          | 10 11 12 14 | 14.7
Spellcasting   | 6 7 9 10 11 12 | 12.2
Transmutations | 3 7 8 12 14 15 | 15.0
Earth Magic    | 3 4 5 |  5.0
Translocations | 4 3 |  4.3

Action                   |  1- 3 |  4- 6 |  7- 9 | 10-12 | 13-15 | 16-18 || total
-------------------------+-------+-------+-------+-------+-------+-------++-------
Melee: Unarmed           |   117 |   156 |   421 |   684 |  1539 |   685 ||  3602
       Bite              |    16 |    19 |    42 |    88 |   196 |    71 ||   432
       Punch             |     3 |     2 |    14 |    29 |    92 |    45 ||   185
       Tailslap          |       |       |       |       |     7 |       ||     7
 Cast: Tukima's Dance    |       |       |       |    29 |     9 |       ||    38
       Ensorcelled Hiber |       |       |       |   124 |   147 |       ||   271
       Confuse           |       |       |       |    40 |    45 |     7 ||    92
       Dazzling Spray    |       |       |       |     4 |    97 |     3 ||   104
       Invisibility      |       |       |       |       |    27 |    17 ||    44
       Statue Form       |       |       |       |       |    28 |    74 ||   102
       Dragon Form       |       |       |       |       |     3 |       ||     3
Evoke: Wand              |       |       |     4 |       |       |       ||     4
       Sack of spiders   |       |       |       |       |       |     2 ||     2
  Use: Scroll            |       |       |    16 |    11 |    21 |    10 ||    58
       Potion            |       |       |     1 |       |    18 |     9 ||    28
 Stab: Sleeping          |     3 |       |    21 |    94 |   151 |    12 ||   281
       Distracted        |       |     2 |     2 |     4 |     9 |     1 ||    18
       Confused          |       |       |     3 |    25 |    31 |       ||    59
       Invisible         |       |       |       |     1 |   134 |    36 ||   171
       Paralysed         |       |       |       |       |     1 |     1 ||     2
       Petrifying        |       |       |       |       |     1 |       ||     1
       Petrified         |       |       |       |       |     1 |       ||     1
  Eat: Chunk             |     9 |     1 |     8 |    28 |    89 |    65 ||   200
Armor: Skin              |     6 |     9 |    53 |    63 |   235 |   212 ||   578
Dodge: Dodged            |    83 |   100 |   370 |   667 |  1961 |  1357 ||  4538

Table legend:
 A = Spawn XP
 B = Non-spawn XP
 C = Spawn XP percentage of total XP
 D = Spawn monster count
 E = Non-spawn monster count
 F = Spawn count percentage of total count
 G = Total turns spent on level
                    A         B        C        D         E        F      G
               +---------+---------+-------+---------+---------+-------+---------
         Total |       0 |  361343 |   0.0 |       0 |    1141 |   0.0 | 48693
               +---------+---------+-------+---------+---------+-------+---------
           D:1 |       0 |      44 |   0.0 |       0 |      25 |   0.0 |  1379
           D:2 |       0 |      30 |   0.0 |       0 |      15 |   0.0 |   716
           D:3 |       0 |     113 |   0.0 |       0 |      29 |   0.0 |   599
           D:4 |       0 |     370 |   0.0 |       0 |      13 |   0.0 |   802
           D:5 |       0 |     740 |   0.0 |       0 |      16 |   0.0 |   891
           D:6 |       0 |    1689 |   0.0 |       0 |      33 |   0.0 |  1204
           D:7 |       0 |    1635 |   0.0 |       0 |      25 |   0.0 |   918
           D:8 |       0 |    5797 |   0.0 |       0 |      56 |   0.0 |  1339
           D:9 |       0 |    3568 |   0.0 |       0 |      34 |   0.0 |  2000
          D:10 |       0 |    3161 |   0.0 |       0 |      20 |   0.0 |  1301
          D:11 |       0 |    7687 |   0.0 |       0 |      56 |   0.0 |  1724
          D:12 |       0 |    4394 |   0.0 |       0 |      35 |   0.0 |  1280
          D:13 |       0 |   12705 |   0.0 |       0 |      55 |   0.0 |  1420
          D:14 |       0 |   12076 |   0.0 |       0 |      36 |   0.0 |  1776
          D:15 |       0 |   13134 |   0.0 |       0 |      27 |   0.0 |  1053
        Lair:1 |       0 |    2524 |   0.0 |       0 |      12 |   0.0 |   916
        Lair:2 |       0 |    2478 |   0.0 |       0 |      13 |   0.0 |   843
        Lair:3 |       0 |    3048 |   0.0 |       0 |      27 |   0.0 |  1041
        Lair:4 |       0 |    7319 |   0.0 |       0 |      33 |   0.0 |  1713
        Lair:5 |       0 |   11409 |   0.0 |       0 |      58 |   0.0 |  1633
        Lair:6 |       0 |   15472 |   0.0 |       0 |      35 |   0.0 |  2914
      Shoals:1 |       0 |   10804 |   0.0 |       0 |      22 |   0.0 |  1309
      Shoals:2 |       0 |   11603 |   0.0 |       0 |      25 |   0.0 |  1885
      Shoals:3 |       0 |   15451 |   0.0 |       0 |      28 |   0.0 |  2277
      Shoals:4 |       0 |   40386 |   0.0 |       0 |      63 |   0.0 |  1747
      Spider:1 |       0 |   11659 |   0.0 |       0 |      41 |   0.0 |   672
         Orc:1 |       0 |    3247 |   0.0 |       0 |      43 |   0.0 |  1681
         Orc:2 |       0 |   14241 |   0.0 |       0 |      46 |   0.0 |  1871
         Elf:1 |       0 |   35559 |   0.0 |       0 |      60 |   0.0 |  3059
         Elf:2 |       0 |   24527 |   0.0 |       0 |      39 |   0.0 |  1254
         Elf:3 |       0 |   61900 |   0.0 |       0 |      58 |   0.0 |  3133
      Vaults:1 |       0 |   13943 |   0.0 |       0 |      20 |   0.0 |   509
         Sewer |       0 |     633 |   0.0 |       0 |      29 |   0.0 |  1196
         IceCv |       0 |    7997 |   0.0 |       0 |      14 |   0.0 |   619
               +---------+---------+-------+---------+---------+-------+---------
